 Dungeon Crawl Stone Soup version 0.27-a0-200-g8ba017916c (webtiles) character file.

Game seed: 9685284709499940327

182562 vurker the Sharpshooter (level 19, -3/136 HPs)
             Began as a Halfling Hunter on Jan 29, 2021.
             Was the Champion of Okawaru.
             Slain by a nagaraja
             ... wielding a +0 halberd
              (10 damage)
             ... on level 4 of the Snake Pit.
             The game lasted 01:00:19 (41066 turns).

vurker the Sharpshooter (Halfling Hunter)          Turns: 41066, Time: 01:00:19

Health: -3/136     AC: 24    Str: 29    XL:     19   Next: 4%
Magic:  21/25      EV: 32    Int: 17    God:    Okawaru [******]
Gold:   1923       SH:  0    Dex: 30    Spells: 18/18 levels left

rFire    + + +     SeeInvis .   b - +9 arbalest of the Postmodern Wars {elec, Str+6 Dex+2}
rCold    + + .     Faith    .   (shield currently unavailable)
rNeg     + . .     Spirit   .   i - +2 chain mail {rPois}
rPois    +         Reflect  .   Q - +0 helmet "Fezen" {-Cast rCorr Int+8 Stlth+}
rElec    +         Harm     .   T - scarf {rC+ rF+}
rCorr    +         Rampage  .   P - +0 pair of gloves of Okawaru's Condemnation {rElec Dex+5 Stlth-}
Will     ++...     NoCast   +   h - +1 pair of boots
Stlth    +.........             X - amulet "Meleuti" {RegenMP rF+ Dex+6}
HPRegen  0.32/turn              Y - ring of the Invisible Hand {rElec rF+ rN+ Will+ Str+4}
MPRegen  0.44/turn              p - ring of protection from cold

@: lethally poisoned (-3 -> -8), about to teleport, heroism, finesse
A: small, mutation resistance 1
a: Renounce Religion, Heroism, Finesse


You were on level 4 of the Snake Pit.
You worshipped Okawaru.
Okawaru was exalted by your worship.
You visited 5 branches of the dungeon, and saw 28 of its levels.
You visited 1 bazaar.
You also visited: Bailey and Ice Cave.

You collected 3608 gold pieces.
You spent 1685 gold pieces at shops.

Inventory:

Hand Weapons
 a - a +1 triple crossbow of venom
   (Okawaru gifted it to you on level 3 of the Lair of Beasts)
 b - the +9 arbalest of the Postmodern Wars (weapon) {elec, Str+6 Dex+2}
   (Okawaru gifted it to you on level 6 of the Lair of Beasts)

   It charges the ammunition it shoots with electricity; occasionally upon a
   hit, such missiles may discharge and cause terrible harm.
   It affects your strength (+6).
   It affects your dexterity (+2).
Missiles
 w - 782 bolts (quivered ammo)
Armour
 g - the +1 pair of gloves "Narph" {rF+}
   (Okawaru gifted it to you on level 4 of the Snake Pit)

   It protects you from fire.
 h - a +1 pair of boots (worn)
   (You found it on level 3 of the Dungeon)
 i - a +2 chain mail of poison resistance (worn)
   (You took it off an orc warrior on level 2 of the Orcish Mines)
 P - the +0 pair of gloves of Okawaru's Condemnation (worn) {rElec Dex+5 Stlth-}
   (Okawaru gifted it to you on level 6 of the Lair of Beasts)

   It affects your dexterity (+5).
   It insulates you from electricity.
   It makes you less stealthy.
 Q - the +0 helmet "Fezen" (worn) {-Cast rCorr Int+8 Stlth+}
   (Okawaru gifted it to you on level 2 of the Orcish Mines)

   It affects your intelligence (+8).
   It prevents spellcasting.
   It provides partial protection from all sources of acid and corrosion.
   It makes you more stealthy.
 T - a scarf of resistance (worn)
   (You found it on level 5 of the Lair of Beasts)
Jewellery
 m - an uncursed ring of ice
   (You found it on level 2 of the Dungeon)
 o - an uncursed ring of resist corrosion
   (You found it on level 5 of the Dungeon)
 p - a ring of protection from cold (right hand)
   (You found it on level 2 of the Dungeon)
 E - an uncursed amulet of guardian spirit
   (You took it off a naga mage on level 3 of the Snake Pit)
 K - an uncursed ring of flight
   (You found it on level 3 of the Lair of Beasts)
 M - an uncursed ring of willpower
   (You bought it in a shop on level 2 of the Orcish Mines)
 R - an uncursed ring of poison resistance
   (You found it on level 4 of the Lair of Beasts)
 X - the amulet "Meleuti" (around neck) {RegenMP rF+ Dex+6}
   (You bought it in a shop in a bazaar)

   [amulet of magic regeneration]

   It increases your magic regeneration.
   It affects your dexterity (+6).
   It protects you from fire.
 Y - the ring of the Invisible Hand (left hand) {rElec rF+ rN+ Will+ Str+4}
   (You bought it in a shop on level 2 of the Snake Pit)

   [ring of protection from fire]

   It affects your strength (+4).
   It protects you from fire.
   It insulates you from electricity.
   It protects you from negative energy.
   It affects your willpower, your defense against some magical effects.
Wands
 d - a wand of iceblast (29)
   (You found it on level 4 of the Dungeon)
 t - a wand of flame (22)
   (You found it on level 11 of the Dungeon)
 u - a wand of paralysis (7)
   (You found it in an ice cave)
 v - a wand of digging (5)
   (You took it off Josephine on level 13 of the Dungeon)
 x - a wand of acid (23)
   (You found it on level 7 of the Dungeon)
 y - a wand of polymorph (49)
   (You found it on level 6 of the Dungeon)
 H - a wand of enslavement (18)
   (You found it on level 1 of the Lair of Beasts)
Scrolls
 c - 16 scrolls of remove curse
 e - 3 scrolls of blinking
 f - 9 scrolls of teleportation
 j - 8 scrolls of immolation
 r - 3 scrolls of enchant armour
 s - 2 scrolls of summoning
 B - 6 scrolls of identify
 D - 4 scrolls of fog
 F - 6 scrolls of fear
 L - 2 scrolls of silence
 W - a scroll of enchant weapon
Potions
 k - 12 potions of lignification
 l - 9 potions of curing
 n - 5 potions of heal wounds
 q - 3 potions of might
 z - 2 potions of ambrosia
 A - 2 potions of cancellation
 G - a potion of invisibility
 I - 2 potions of flight
 J - 2 potions of mutation
 S - a potion of haste
 V - 4 potions of magic
Miscellaneous
 C - a phial of floods
   (You found it on level 6 of the Lair of Beasts)
 O - a tin of tremorstones (2/2)
   (You found it on level 5 of the Lair of Beasts)
 U - a condenser vane
   (You found it on level 13 of the Dungeon)


   Skills:
 + Level 14.3(19.3) Fighting
 * Level 19.9(24.9) Crossbows
 + Level 16.0(21.0) Armour
 + Level 14.5(19.5) Dodging
 - Level 1.1(6.1) Stealth
 - Level 8.0 Invocations


You had 18 spell levels left.
You didn't know any spells.
Your spell library contained the following spells:

 Spells                   Type           Power        Failure   Level
 Animate Skeleton         Necr           0%           52%         1
 Apportation              Tloc           0%           52%         1
 Foxfire                  Conj/Fire      0%           52%         1
 Magic Dart               Conj           0%           52%         1
 Pain                     Necr           0%           52%         1
 Sandblast                Erth           0%           52%         1
 Shock                    Conj/Air       0%           52%         1
 Blink                    Tloc           N/A          67%         2
 Call Imp                 Summ           0%           67%         2
 Passwall                 Tmut/Erth      0%           67%         2
 Searing Ray              Conj           0%           67%         2
 Slow                     Hex            0%           67%         2
 Swiftness                Air            0%           67%         2
 Conjure Flame            Conj/Fire      0%           88%         3
 Dazzling Flash           Conj/Hex       0%           88%         3
 Gell's Gravitas          Tloc           0%           88%         3
 Ignite Poison            Fire/Tmut/Pois 0%           88%         3
 Inner Flame              Hex/Fire       0%           88%         3
 Lesser Beckoning         Tloc           0%           88%         3
 Mephitic Cloud           Conj/Pois/Air  0%           88%         3
 Static Discharge         Conj/Air       0%           88%         3
 Stone Arrow              Conj/Erth      0%           88%         3
 Teleport Other           Tloc           0%           88%         3
 Tukima's Dance           Hex            0%           88%         3
 Vampiric Draining        Necr           0%           88%         3
 Airstrike                Air            0%           99%         4
 Animate Dead             Necr           0%           99%         4
 Fulminant Prism          Conj/Hex       0%           99%         4
 Iskenderun's Mystic Bla  Conj/Tloc      0%           99%         4
 Leda's Liquefaction      Hex/Erth       0%           99%         4
 Passage of Golubria      Tloc           N/A          99%         4
 Petrify                  Tmut/Erth      0%           99%         4
 Agony                    Necr           0%           100%        5
 Alistair's Intoxication  Tmut/Pois      0%           100%        5
 Bolt of Magma            Conj/Fire/Erth 0%           100%        5
 Borgnjor's Vile Clutch   Necr/Erth      0%           100%        5
 Excruciating Wounds      Necr           0%           100%        5
 Fireball                 Conj/Fire      0%           100%        5
 Iskenderun's Battlesphe  Conj           0%           100%        5
 Lee's Rapid Deconstruct  Erth           0%           100%        5
 Lightning Bolt           Conj/Air       0%           100%        5
 Summon Forest            Summ/Tloc      0%           100%        5
 Summon Mana Viper        Hex/Summ       0%           100%        5
 Conjure Ball Lightning   Conj/Air       0%           100%        6
 Invisibility             Hex            0%           100%        6
 Iron Shot                Conj/Erth      0%           100%        6
 Shadow Creatures         Summ           N/A          100%        6
 Simulacrum               Ice/Necr       0%           100%        6
 Starburst                Conj/Fire      0%           100%        6
 Orb of Destruction       Conj           0%           100%        7
 Spellforged Servitor     Conj/Summ      0%           100%        7
 Summon Hydra             Summ           0%           100%        7
 Disjunction              Tloc           0%           100%        8
 Ignition                 Fire           0%           100%        8


Dungeon Overview and Level Annotations

Branches:
Dungeon (15/15)            Temple (1/1) D:4            Lair (6/6) D:9
  Swamp (0/4) Lair:2        Snake (4/4) Lair:3        Slime (0/5) Lair:6
    Orc (2/2) D:10            Elf (0/3) Orc:2        Vaults (0/5) D:14
 Depths (0/5) D:15         Bailey (visited)           IceCv (visited)

Altars:
Cheibriados
Dithmenos
Fedhas
Gozag
Makhleb
Nemelex Xobeh
Okawaru
Ru
Sif Muna
Trog
Uskayaw
Vehumet
Wu Jian
Xom
Yredelemnul
Zin
The Shining One
Beogh
Jiyva

Shops:
D:6 ?!:   D:12 :   D:14 (   Orc:1 }   Orc:2 =!=*   Snake:2 }}=

Annotations:
D:5 3 runed translucent doors, Borgoz's ghost, novice HaFi
D:13 3 runed translucent doors, septik's ghost, journeyman MiBe


Innate Abilities, Weirdness & Mutations

You are small and have problems with some larger weapons.
You are somewhat resistant to further mutation.


Message History

The lance of force hits you!
* * * LOW HITPOINT WARNING * * *
You are knocked back by the lance of force.
You slam into the stone wall!
The nagaraja gestures at you while chanting.
The lance of force misses you.
The naga sharpshooter shoots a bolt.
The bolt hits you!
* * * LOW HITPOINT WARNING * * *
You can now deal lightning-fast blows.
A naga mage comes into view. It is wielding a +0 whip.
The nagaraja hits you from afar with a +0 halberd!!
* * * LOW HITPOINT WARNING * * *
A naga comes into view. It is wielding a +0 trident.
A nagaraja comes into view. It is wielding a +0 spear.
The nagaraja points at you and mumbles some strange words.
The poison arrow misses you.
You hear a shout!
Fire: 784 bolts
Aim: a nagaraja, wielding a +0 halberd and wearing a cursed +0 robe (heavily wounded, fast, 82% to hit)
You shoot a bolt. The bolt barely misses the nagaraja.
The naga shouts!
The nagaraja shouts!
You hear a shout!
The nagaraja gestures at you while chanting.
The poison arrow hits you!
You are poisoned.
You partially resist.
* * * LOW HITPOINT WARNING * * *
Fire: 783 bolts
Aim: a nagaraja, wielding a +0 halberd and wearing a cursed +0 robe (heavily wounded, fast, 82% to hit)
You shoot a bolt. The bolt closely misses the nagaraja.
You feel sick.
The nagaraja gestures wildly while chanting.
The nagaraja seems to speed up.
The nagaraja spits poison at you. The splash of poison hits you.
You are more poisoned.
You resist.
* * * LOW HITPOINT WARNING * * *
You feel sick.
A naga comes into view. It is wielding a +0 long sword.
The nagaraja gestures wildly while chanting.
The nagaraja seems to speed up.
The naga completely misses you.
You feel sick.
The nagaraja gestures at you while chanting.
You resist with almost no effort.
As you read the scroll of teleportation, it crumbles to dust.
You feel strangely unstable.
You feel sick.
The nagaraja hits you from afar with a +0 halberd!
You die...

##.......#...)....#..........###
.........#........#)......####
.................))...#####
......#####......###### ...####
#......# ..## #......# ..##
#...#..# )..#### #......#
^.....#####.....@######
....).............N..(#
.....[)..#......N.#...((..
##.......#........#.(.....
#####................N..(
######......#####(N)( #...NNN#
###( #...N..# #......#


You could see 3 nagarajas, a naga sharpshooter, a naga mage and 3 nagas.

Vanquished Creatures
  An Ice Fiend (IceCv)
  Rupert (D:15)
  Agnes (Snake:4)
  Kirke (D:14)
  7 nagarajas
  Azrael (D:12)
  Nessos (D:13)
  An ettin (D:13)
  Snorg (D:14)
  Josephine (D:13)
  Erolcha (D:12)
  A fire dragon (D:15)
  13 naga warriors
  7 boulder beetles
  9 hydras
  An ice dragon (D:15)
  A rakshasa (D:13)
  13 anacondas
  A death knight (D:15)
  10 two-headed ogres
  6 centaur warriors
  2 dancing weapons (D:14)
  6 death yaks
  A tengu warrior (D:15)
  8 naga sharpshooters
  Urug (Lair:3)
  3 shock serpents
  2 salamander mystics
  A fire crab (Lair:5)
  5 unseen horrors
  10 naga ritualists
  A phantasmal warrior (D:15)
  2 deep elf pyromancers
  5 orc knights
  3 cyclopes
  18 ugly things
  2 manticores
  11 mana vipers
  6 salamanders
  6 elephants (Lair:6)
  An ice statue (IceCv)
  13 naga magi
  39 black mambas
  2 gargoyles (D:11)
  9 cane toads
  4 rime drakes
  A kobold demonologist (D:15)
  5 yaktaurs (D:15)
  3 tengu conjurers
  A redback zombie (D:13)
  5 freezing wraiths
  10 komodo dragons
  7 ice devils (IceCv)
  3 anaconda simulacra (IceCv)
  11 trolls
  A troll (shapeshifter) (D:14)
  11 polar bears
  3 hornets
  6 slime creatures (D:13)
  Prince Ribbit (Lair:2)
  A harpy skeleton (D:13)
  2 raiju (Lair:6)
  14 blink frogs
  12 dream sheep
  2 dire elephant simulacra (IceCv)
  5 wyverns
  3 shadows
  A vampire (D:13)
  2 hogs (D:14)
  51 yaks
  5 fire elementals (D:12)
  5 wraiths
  A steam dragon (D:12)
  8 vampire mosquitoes (D:15)
  2 basilisks
  A death yak simulacrum (IceCv)
  2 harpy simulacra
  51 nagas
  3 iron troll simulacra (IceCv)
  6 wargs
  An acid dragon (D:14)
  A soldier ant (D:10)
  13 water moccasins
  7 hydra simulacra (IceCv)
  17 hell hounds
  36 orc warriors
  3 ettin simulacra (IceCv)
  3 ice beasts
  3 phantoms
  3 sky beasts
  An eye of draining (D:14)
  2 necrophages
  12 black bears
  7 ogres
  A boggart (D:13)
  17 wolves (Lair:6)
  25 centaurs
  4 big kobolds
  15 bullfrogs
  A wyvern zombie (D:13)
  9 gnoll sergeants
  3 scorpions
  17 killer bees
  19 wights
  2 electric eels (Lair:5)
  2 howler monkeys
  2 bullfrog zombies
  4 draconian simulacra (IceCv)
  2 quasits
  3 centaur zombies
  14 hounds
  8 jellies
  A bullfrog skeleton (D:10)
  20 orc priests
  8 centaur skeletons
  6 gnoll shamans (Bailey)
  2 iguanas
  18 orc wizards
  13 worker ants
  A spriggan simulacrum (IceCv)
  4 troll simulacra (IceCv)
  A wolf simulacrum (IceCv)
  A bullfrog simulacrum (D:13)
  2 centaur simulacra (IceCv)
  A hound skeleton (D:4)
  A worker ant zombie (D:6)
  22 gnolls
  An ogre simulacrum (IceCv)
  10 adders
  A howler monkey skeleton (D:10)
  A naga simulacrum (IceCv)
  10 white imps
  8 ufetubi
  2 oozes
  An adder skeleton (D:5)
  5 worms
  6 dart slugs
  8 leopard geckos
  81 orcs
  5 bats
  6 giant cockroaches
  15 goblins
  4 hobgoblins
  10 jackals
  16 kobolds
  5 quokkas
  2 ball pythons
  3 frilled lizards
  A jackal skeleton (D:4)
  A quokka skeleton (D:5)
  A quokka zombie (D:5)
  8 rats
1054 creatures vanquished.

Vanquished Creatures (others)
  An orc priest (D:12)
  30 fungi
  57 plants
88 creatures vanquished.

Grand Total: 1142 creatures vanquished

Notes
Turn   | Place    | Note
-------+----------+-------------------------------------------
     0 | D:1      | vurker the Halfling Hunter began the quest for the Orb.
     0 | D:1      | Reached XP level 1. HP: 14/14 MP: 1/1
   132 | D:1      | Reached XP level 2. HP: 19/19 MP: 2/2
   403 | D:1      | Reached skill level 5 in Crossbows
   500 | D:1      | Reached XP level 3. HP: 21/24 MP: 3/3
  1002 | D:2      | Found a burning altar of Makhleb.
  1025 | D:2      | Reached XP level 4. HP: 18/30 MP: 4/4
  1816 | D:2      | Found a blossoming altar of Fedhas.
  1907 | D:2      | Found a glowing silver altar of Zin.
  2096 | D:3      | Reached skill level 6 in Crossbows
  2096 | D:3      | Reached XP level 5. HP: 36/36 MP: 5/5
  2927 | D:3      | Found a glowing golden altar of the Shining One.
  3112 | D:3      | Reached XP level 6. HP: 9/42 MP: 6/6
  3435 | D:3      | Found a sparkling altar of Nemelex Xobeh.
  3884 | D:3      | Reached skill level 7 in Crossbows
  4634 | D:4      | HP: 2/43 [poisoned by a worker ant]
  5404 | D:4      | Found a staircase to the Ecumenical Temple.
  5473 | Temple   | Entered the Ecumenical Temple
  5520 | Temple   | Became a worshipper of Warmaster Okawaru
  5598 | D:4      | Reached XP level 7. HP: 42/47 MP: 7/7
  5705 | D:4      | Reached skill level 1 in Armour
  5705 | D:4      | Reached skill level 1 in Invocations
  5978 | D:5      | Entered Level 5 of the Dungeon
  6146 | D:5      | Reached skill level 8 in Crossbows
  6154 | D:5      | Reached * piety under Okawaru
  6163 | D:5      | Reached XP level 8. HP: 48/54 MP: 9/9
  6931 | D:5      | Found a runed translucent gate.
  6931 | D:5      | Found a runed translucent gate.
  6931 | D:5      | Found a runed translucent gate.
  6931 | D:5      | Noticed Borgoz's ghost (novice HaFi)
  7125 | D:5      | Reached skill level 9 in Crossbows
  7690 | D:5      | Reached ** piety under Okawaru
  7691 | D:5      | Reached skill level 5 in Fighting
  7691 | D:5      | Reached XP level 9. HP: 48/61 MP: 11/11
  8213 | D:6      | Found Heofepucs's Magic Scroll Shop.
  8641 | D:6      | Found Cioc's Book Shoppe.
  8851 | D:6      | Reached skill level 10 in Crossbows
  9069 | D:6      | Found Xipsirau's Distillery.
 10012 | D:7      | Reached skill level 5 in Armour
 10065 | D:7      | Reached skill level 5 in Invocations
 10188 | D:7      | Found a sand-covered staircase.
 11324 | D:8      | Found an opulent altar of Gozag.
 11372 | D:8      | Found a hide-covered altar of Uskayaw.
 11382 | D:8      | Noticed a +0 dagger
 11382 | D:8      | Noticed a +0 dagger
 11656 | D:9      | Reached XP level 10. HP: 68/68 MP: 14/14
 11679 | D:9      | Found a sacrificial altar of Ru.
 12188 | D:9      | Found a staircase to the Lair.
 12451 | D:9      | Reached *** piety under Okawaru
 12685 | D:10     | Entered Level 10 of the Dungeon
 13451 | D:10     | Received a gift from Okawaru
 13664 | D:10     | Noticed a two-headed ogre
 13686 | D:10     | Killed a two-headed ogre
 13916 | D:10     | Received a gift from Okawaru
 14238 | D:10     | Reached **** piety under Okawaru
 14268 | D:10     | Found a staircase to the Orcish Mines.
 14314 | D:10     | Reached XP level 11. HP: 75/77 MP: 15/17
 15351 | D:11     | Found a flagged portal.
 15367 | Bailey   | Entered a bailey
 15810 | Bailey   | Received a gift from Okawaru
 16239 | D:11     | Noticed a brown ugly thing
 16252 | D:11     | Killed a brown ugly thing
 16272 | D:11     | Reached skill level 5 in Dodging
 16586 | D:11     | Noticed an orc knight
 16608 | D:11     | Killed an orc knight
 16608 | D:11     | Received a gift from Okawaru
 16608 | D:11     | Reached ***** piety under Okawaru
 16784 | D:11     | Noticed a two-headed ogre
 16801 | D:11     | Killed a two-headed ogre
 17174 | D:11     | Killed an unseen horror
 17174 | D:11     | Received a gift from Okawaru
 17278 | D:11     | Identified a scroll of acquirement
 17279 | D:11     | Acquired the +0 arbalest of Watchfulness {freeze, Fragile
                  | rElec Will+ Dex+4}
 17408 | D:11     | Noticed a two-headed ogre
 17447 | D:11     | Killed a two-headed ogre
 17447 | D:11     | Received a gift from Okawaru
 17448 | D:11     | Reached skill level 10 in Armour
 17448 | D:11     | Reached XP level 12. HP: 71/85 MP: 18/18
 18358 | D:11     | Received a gift from Okawaru
 18551 | Lair:1   | Entered Level 1 of the Lair of Beasts
 18998 | Lair:1   | Reached skill level 11 in Crossbows
 19002 | Lair:1   | Received a gift from Okawaru
 19222 | Lair:1   | Got a crude falchion
 19559 | Lair:1   | Noticed a five-headed hydra
 19568 | Lair:1   | Killed a five-headed hydra
 19988 | Lair:2   | Found a staircase to the Swamp.
 20041 | Lair:2   | Noticed Prince Ribbit
 20050 | Lair:2   | Killed Prince Ribbit
 20050 | Lair:2   | Received a gift from Okawaru
 20357 | Lair:2   | Received a gift from Okawaru
 20716 | Lair:3   | Received a gift from Okawaru
 20717 | Lair:3   | Reached skill level 10 in Fighting
 21168 | Lair:3   | Noticed a five-headed hydra
 21175 | Lair:3   | Killed a five-headed hydra
 21176 | Lair:3   | Reached skill level 12 in Crossbows
 21176 | Lair:3   | Reached XP level 13. HP: 86/92 MP: 19/19
 21293 | Lair:3   | Noticed Urug
 21326 | Lair:3   | Killed Urug
 21415 | Lair:3   | Received a gift from Okawaru
 21461 | Lair:3   | Found a staircase to the Snake Pit.
 22697 | Lair:3   | Identified the Catalogue of Quantum Lightness
 22744 | Lair:3   | Noticed a five-headed hydra
 22753 | Lair:3   | Killed a five-headed hydra
 22753 | Lair:3   | Received a gift from Okawaru
 22754 | Lair:3   | Reached skill level 13 in Crossbows
 24114 | Lair:5   | Got a polished scale mail
 24122 | Lair:5   | Identified the +1 scale mail of the Barracuda {rElec Str+5
                  | Dex+2 Slay-4} (You found it on level 5 of the Lair of
                  | Beasts)
 24264 | Lair:5   | Received a gift from Okawaru
 24608 | Lair:5   | Got a bloodstained robe
 24901 | Lair:6   | Entered Level 6 of the Lair of Beasts
 24901 | Lair:6   | Noticed an eight-headed hydra
 24943 | Lair:5   | Received a gift from Okawaru
 25585 | Lair:6   | Received a gift from Okawaru
 25603 | Lair:6   | Reached XP level 14. HP: 48/99 MP: 20/20
 25621 | Lair:6   | Received a gift from Okawaru
 26171 | Lair:6   | Received a gift from Okawaru
 26272 | Lair:6   | Reached skill level 14 in Crossbows
 26513 | Lair:6   | Received a gift from Okawaru
 26516 | Lair:6   | Got a pair of blackened gloves {god gift}
 26560 | Lair:6   | Identified the +0 pair of gloves of Okawaru's Condemnation
                  | {rElec Dex+5 Stlth-} (Okawaru gifted it to you on level 6
                  | of the Lair of Beasts)
 26860 | Lair:6   | Reached skill level 10 in Dodging
 27499 | Lair:6   | Found a viscous altar of Jiyva.
 27499 | Lair:6   | Found a staircase to the Slime Pits.
 27658 | Lair:6   | Received a gift from Okawaru
 27659 | Lair:6   | Got a crude arbalest {god gift}
 27660 | Lair:6   | Identified the +9 arbalest of the Postmodern Wars {elec,
                  | Str+6 Dex+2} (Okawaru gifted it to you on level 6 of the
                  | Lair of Beasts)
 27860 | Lair:6   | Reached skill level 15 in Crossbows
 28330 | Orc:1    | Entered Level 1 of the Orcish Mines
 28610 | Orc:1    | Found Vashrodgh's Gadget Boutique.
 28784 | Orc:2    | Entered Level 2 of the Orcish Mines
 28884 | Orc:2    | Reached XP level 15. HP: 76/107 MP: 21/21
 29506 | Orc:2    | Received a gift from Okawaru
 29513 | Orc:2    | Got a shimmering helmet {god gift}
 29524 | Orc:2    | Identified the +0 helmet "Fezen" {-Cast rCorr Int+8 Stlth+}
                  | (Okawaru gifted it to you on level 2 of the Orcish Mines)
 29589 | Orc:2    | Found a roughly hewn altar of Beogh.
 29631 | Orc:2    | Found a staircase to the Elven Halls.
 29744 | Orc:2    | Found Qegron's Distillery.
 29744 | Orc:2    | Found Foupih's Jewellery Emporium.
 29746 | Orc:2    | Found Muichote's Assorted Antiques.
 29748 | Orc:2    | Found Qicvia Geve's Jewellery Shop.
 30047 | Orc:2    | Bought an uncursed ring of willpower for 375 gold pieces
 30154 | D:12     | Noticed Erolcha
 30179 | D:12     | Killed Erolcha
 30356 | D:12     | Found Cighott's Book Shoppe.
 30374 | D:12     | Noticed Azrael
 30396 | D:12     | Killed Azrael
 30883 | D:12     | Got an ancient war axe
 31331 | D:13     | Reached skill level 16 in Crossbows
 31440 | D:13     | Got an ancient marble ring
 31442 | D:13     | Identified the ring "Gien" {rElec rN+ Int+4 Dex+2} (You
                  | found it on level 13 of the Dungeon)
 31598 | D:13     | Noticed Josephine
 31617 | D:13     | Killed Josephine
 31617 | D:13     | Received a gift from Okawaru
 31844 | D:13     | Reached XP level 16. HP: 110/112 MP: 22/22
 31879 | D:13     | Identified the Incunabulum of the Sinister Entourage
 32314 | D:13     | Noticed Nessos
 32317 | D:13     | Killed Nessos
 32348 | D:13     | Found a runed translucent gate.
 32348 | D:13     | Found a runed translucent gate.
 32358 | D:13     | Noticed septik's ghost (journeyman MiBe)
 32359 | D:13     | Found a runed translucent gate.
 32362 | D:13     | Noticed a shadow dragon
 32366 | D:13     | Noticed a tengu reaver
 32832 | D:14     | Noticed Kirke
 32852 | D:14     | Killed Kirke
 32853 | D:14     | Reached skill level 17 in Crossbows
 32906 | D:14     | Found a shadowy altar of Dithmenos.
 32991 | D:14     | Found Dotirry's Antique Weapon Shoppe.
 33102 | D:14     | Found a gate to the Vaults.
 33167 | D:14     | Noticed Snorg
 33175 | D:14     | Killed Snorg
 33418 | D:15     | Entered Level 15 of the Dungeon
 33418 | D:15     | Noticed Rupert
 33425 | D:15     | Killed Rupert
 33425 | D:15     | Received a gift from Okawaru
 33602 | D:15     | Received a gift from Okawaru
 33619 | D:15     | Reached ****** piety under Okawaru
 33630 | D:15     | Received a gift from Okawaru
 34039 | D:15     | Reached XP level 17. HP: 122/122 MP: 23/23
 34045 | D:15     | Identified the Guide on Dusty Heat
 34170 | D:15     | Found a staircase to the Depths.
 34781 | Snake:1  | Entered Level 1 of the Snake Pit
 34803 | Snake:1  | Reached skill level 18 in Crossbows
 35118 | Snake:1  | Received a gift from Okawaru
 35301 | Snake:1  | Found a flickering gateway to a bazaar.
 35312 | Bazaar   | Entered a bazaar
 35338 | Bazaar   | Found Iraol's Jewellery Emporium.
 35338 | Bazaar   | Found Xeganim's Gadget Shoppe.
 35353 | Bazaar   | Found Cipnymor's Book Emporium.
 35368 | Bazaar   | Found Hav Jank's Weapon Emporium.
 35368 | Bazaar   | Found Keizuus's Magic Scroll Shoppe.
 35462 | Bazaar   | Bought the amulet "Meleuti" {RegenMP rF+ Dex+6} for 452
                  | gold pieces
 35952 | Snake:2  | Received a gift from Okawaru
 35953 | Snake:2  | Found the +15 Maxwell's patent armour {-Cast -Tele rElec
                  | Will+ rCorr}
 36116 | Snake:2  | Reached skill level 15 in Armour
 36468 | Snake:2  | Got a steaming spear
 36848 | Snake:2  | Found Zielauva's Gadget Shoppe.
 36849 | Snake:2  | Found Ycrutwa's Jewellery Shop.
 36850 | Snake:2  | Found Veedom's Gadget Shoppe.
 36854 | Snake:2  | Got a jewelled ring mail
 36860 | Snake:2  | Bought the ring of the Invisible Hand {rElec rF+ rN+ Will+
                  | Str+4} for 858 gold pieces
 37650 | Snake:3  | Found an ornate altar of the Wu Jian Council.
 37672 | Snake:3  | Reached XP level 18. HP: 130/130 MP: 24/24
 37994 | Snake:3  | Reached skill level 19 in Crossbows
 37999 | Snake:3  | Received a gift from Okawaru
 38386 | Snake:3  | Received a gift from Okawaru
 38831 | Snake:4  | Entered Level 4 of the Snake Pit
 38922 | Snake:4  | Received a gift from Okawaru
 38929 | Snake:4  | Got a pair of fine gloves {god gift}
 38930 | Snake:4  | Identified the +1 pair of gloves "Narph" {rF+} (Okawaru
                  | gifted it to you on level 4 of the Snake Pit)
 39084 | Snake:4  | Noticed Agnes
 39094 | Snake:4  | Killed Agnes
 39177 | Snake:4  | Found a frozen archway.
 39198 | IceCv    | Entered an ice cave
 39585 | IceCv    | Got an iridescent war axe
 39865 | IceCv    | Noticed an Ice Fiend
 39891 | IceCv    | Killed an Ice Fiend
 40110 | IceCv    | Found the +3 Elemental Staff {rElec rF++ rC++ Will++ AC+5}
 40111 | IceCv    | Identified Sif Muna's Catalogue of Destructive Clay
 40966 | Snake:4  | Received a gift from Okawaru
 40967 | Snake:4  | Reached XP level 19. HP: 133/136 MP: 25/25
 41066 | Snake:4  | Slain by a nagaraja

Illustrated notes

Levels and vault maps discovered:
D:1:      wander_arrival_desolate, layout_basic, hangedman_decor_diamond_cutter
D:2:      layout_basic, zin_statuary, general_overflow_altar,
          serial_park_tiny_1, skrybe_limestone_x, makhleb_heckhound_becter
D:3:      layout_loops_corners, lemuel_coloured_pillars_altar,
          nemelex_spade_bored_becter
D:4:      layout_basic, minmay_temple_entry_crystal_x
D:5:      kennysheep_spiral_hall, layout_layer_cave, ebering_ghost_rock_garden
D:6:      layout_layer_cave, serial_shops, shop_scrolls, kennysheep_mini, shop
D:7:      layout_loops_cross, nicolae_ossuary_entry_false_entrances
D:8:      layout_basic, dancing_weapons_uskayaw, nicolae_overflow_crystal_walls
D:9:      layout_loops_ring, lemuel_round_altar, lair_entry_dummy
D:10:     layout_stronghold, erik_orc_4
D:11:     layout_loops_corners, gauntlet_entry_generic, enter_bailey_3
D:12:     layout_basic, serial_shops, shop, uniq_erolcha, uniq_azrael
D:13:     minmay_the_grid_square_5x5_5x5 [minmay_the_grid_square_5x5_comb,
          minmay_the_grid_square_5x5_doubleslash,
          minmay_the_grid_square_5x5_one_wall,
          minmay_the_grid_square_5x5_almost_minimal,
          minmay_the_grid_square_5x5_spiral_small,
          minmay_the_grid_square_5x5_inverted_slash,
          minmay_the_grid_square_5x5_prize_monsterx,
          minmay_the_grid_square_5x5_minimal,
          minmay_the_grid_square_5x5_prize_itemx,
          minmay_the_grid_square_5x5_lines,
          minmay_the_grid_square_5x5_two_walls_a,
          minmay_the_grid_square_5x5_corner,
          minmay_the_grid_square_5x5_prize_waves, minmay_the_grid_square_5x5_c,
          minmay_the_grid_square_5x5_n_small,
          minmay_the_grid_square_5x5_detours,
          minmay_the_grid_square_5x5_prize_open,
          minmay_the_grid_square_5x5_bridge,
          minmay_the_grid_square_5x5_prize_deathbox,
          minmay_the_grid_square_5x5_tie,
          minmay_the_grid_square_5x5_three_small,
          minmay_the_grid_square_5x5_misaligned,
          minmay_the_grid_square_5x5_eight,
          minmay_the_grid_square_5x5_trominoes,
          minmay_the_grid_square_5x5_inner_v], layout_irregular_city,
          gammafunk_ghost_split, uniq_nessos, uniq_josephine
D:14:     layout_roguey, erik_vaults_1, solitary_fountain, serial_shops, shop,
          hangedman_decor_peaks_small, nicolae_dithmenos_the_darkroom,
          uniq_kirke, uniq_snorg
D:15:     grunt_enter_depths_hoard, layout_loops_cross,
          chequers_serial_rivers_room_b, uniq_rupert
Temple:   regret_index_temple_sphere_string
Lair:1:   layout_cave_pods
Lair:2:   layout_roguey, swamp_mist, chequers_serial_rivers_micro_c,
          uniq_prince_ribbit2
Lair:3:   nzn_winding_woodlands_medium [nzn_winding_woodlands_5x5_open_star,
          nzn_winding_woodlands_5x15_river_crossing,
          nzn_winding_woodlands_5x5_three,
          nzn_winding_woodlands_5x5_closed_star,
          nzn_winding_woodlands_center_diamonds,
          nzn_winding_woodlands_5x5_cross, nzn_winding_woodlands_5x5_default,
          nzn_winding_woodlands_5x15_cabin, nzn_winding_woodlands_5x5_default],
          layout_loops_ring, guppyfry_snake_entry_garden, uniq_urug
Lair:4:   layout_loops_ring, grunt_megastairs_5, serial_bayou_shore_b
Lair:5:   layout_loops_ring, cheibrodos_lair_caveside_slide,
          serial_bayou_shore_a, infiniplex_staircase_pool, grunt_megastairs_3
Lair:6:   hangedman_lair_caniforms_friends, layout_long_grid, slime_altar_1,
          st_stairs_6, serial_bayou_crossing
Snake:1:  layout_rooms, serial_shops, bzr_entry_lakeside
Snake:2:  layout_grid_maze, minmay_shop_grove
Snake:3:  layout_layer_cave, basic_altar, nicolae_snake_salamander_stairs
Snake:4:  minmay_snake_end_coiled, layout_onion,
          portal_ice_cave_entry_pillars_1, serial_bayou_shore_b, uniq_agnes
Orc:1:    layout_caves, serial_shops, shop
Orc:2:    st_orc_rangers, layout_caves, mines2_david

Skill      XL: |  1  2  3  4  5  6  7  8  9 10 11 12 13 14 15 16 17 18 |
---------------+-------------------------------------------------------+-----
Fighting       | 2 3 4 5 6 7 9 10 11 12 13 14 | 14.3
Crossbows      | 5 6 7 8 9 10 12 13 15 16 17 18 19 | 19.9
Armour         | 2 3 5 8 10 11 12 13 14 15 16 | 16.0
Invocations    | 2 3 5 8 |  8.0
Dodging        | 6 7 9 10 11 12 13 14 | 14.5
Stealth        | |  1.1

Action                   |  1- 3 |  4- 6 |  7- 9 | 10-12 | 13-15 | 16-18 | 19-21 || total
-------------------------+-------+-------+-------+-------+-------+-------+-------++-------
Melee: Short sword       |    94 |   278 |   174 |       |       |       |       ||   546
       Dagger            |       |       |   149 |   387 |       |       |       ||   536
 Fire: Hand crossbow     |     7 |    32 |   180 |   536 |   728 |       |       ||  1483
       Triple crossbow   |       |       |       |       |    93 |       |       ||    93
       Arbalest          |       |       |       |       |   441 |   993 |    24 ||  1458
Invok: Heroism           |       |       |       |    10 |    18 |    15 |     1 ||    44
       Finesse           |       |       |       |       |     7 |     1 |     1 ||     9
Evoke: Wand              |       |       |       |     1 |     4 |       |       ||     5
       Tin of tremorston |       |       |       |       |     1 |       |       ||     1
  Use: Potion            |       |     1 |       |     6 |     2 |     1 |       ||    10
       Scroll            |       |       |    16 |    13 |    11 |     5 |     1 ||    46
Armor: Ring mail         |     2 |       |       |       |       |       |       ||     2
       Scale mail        |    39 |    39 |       |       |       |       |       ||    78
       Chain mail        |       |    74 |   252 |   204 |    35 |   132 |     3 ||   700
       Plate armour      |       |       |       |   290 |   492 |       |       ||   782
Dodge: Dodged            |    78 |   143 |   263 |   493 |   960 |   564 |    10 ||  2511

Table legend: (Time is in decaauts)
 A = Elapsed time spent in this place.
 B = Non-inter-level travel time spent in this place.
 C = Inter-level travel time spent in this place.
 D = Time resting spent in this place.
 E = Time spent auto-exploring this place.
 F = Levels seen in this place.
 G = Mean time per level.
                   A        B        C        D        E       F      G
               +--------+--------+--------+--------+--------+-----+--------+
         Total |  41119 |  39238 |   1881 |    596 |  30371 |  31 | 1326.4 |
       Dungeon |  22780 |  21461 |   1319 |    481 |  16775 |  15 | 1518.7 |
        Temple |     72 |     48 |     24 |      0 |     41 |   1 |   72.0 |
          Lair |   9758 |   9417 |    341 |      0 |   7580 |   6 | 1626.3 |
     Snake Pit |   4987 |   4920 |     67 |      0 |   3810 |   4 | 1246.8 |
  Orcish Mines |   1426 |   1297 |    129 |    115 |    720 |   2 |  713.0 |
        Bazaar |    212 |    212 |      0 |      0 |     92 |   1 |  212.0 |
        Bailey |    808 |    808 |      0 |      0 |    567 |   1 |  808.0 |
      Ice Cave |   1072 |   1072 |      0 |      0 |    785 |   1 | 1072.0 |
               +--------+--------+--------+--------+--------+-----+--------+

Top non-repeatable levels by time:
  Lair:6: 2642 daAuts
    D:10: 2633 daAuts
    D:11: 2545 daAuts
  Lair:3: 2395 daAuts
     D:5: 2147 daAuts
  Lair:5: 1910 daAuts
 Snake:3: 1734 daAuts
     D:3: 1687 daAuts
     D:4: 1677 daAuts
     D:2: 1590 daAuts
     D:6: 1566 daAuts
    D:13: 1537 daAuts
  Lair:1: 1491 daAuts
     D:9: 1464 daAuts
    D:12: 1296 daAuts
